Workbook
Name IQ_CH: 110000
Name IQ_CQ: 5000
Name IQ_CY: 10000
Name IQ_DAILY: 500000
Name IQ_FH: 100000
Name IQ_FQ: 500
Name IQ_FY: 1000
Name IQ_LTM: 2000
Name IQ_MONTH: 15000
Name IQ_NTM: 6000
Name IQ_WEEK: 50000
Name IQ_YTD: 3000

Sheet Financial Data
A1: Competition Analysis
A2: Company Name | B2: Target Company | C2: Competitor 1 | D2: Competitor 2 | E2: Competitor 3 | F2: Competitor 4 | G2: Competitor 5
A3: Ticker | B3: BMW | C3: Volkswagen | D3: Tesla | E3: Toyota | F3: Daimler | G3: Ford
A4: Balance Sheet
A5: Current assets | B5: =90630*1.17 -> 106037.1 | C5: =187463*1.17 -> 219331.71 | D5: 12103 | E5: =18879237/104.44 -> 180766.34 | F5: =127800*1.17 -> 149526 | G5: 114047
A6: Accounts receivable | B6: =45134*1.17 -> 52806.78 | C6: =85018*1.17 -> 99471.06 | D6: 1324 | E6: =9588661/104.44 -> 91810.236 | F6: =1.17*69604 -> 81436.68 | G6: 53703
A7: Inventory | B7: =15891*1.17 -> 18592.47 | C7: =46742*1.17 -> 54688.14 | D7: 3552 | E7: =2656396/104.44 -> 25434.661 | F7: =29757*1.17 -> 34815.69 | G7: 10786
A8: Net fixed assets | B8: =65854*1.17 -> 77049.18 | C8: =115090*1.17 -> 134655.3 | D8: 10396 | E8: =10685494/104.44 -> 102312.27 | F8: =88625*1.17 -> 103691.25 | G8: 67114
A9: Total Assets | B9: =228034*1.17 -> 266799.78 | C9: =488071*1.17 -> 571043.07 | D9: 34309 | E9: =51936949/104.44 -> 497289.82 | F9: =302438*1.17 -> 353852.46 | G9: 258537
A10: Current Liabilities | B10: =82625*1.17 -> 96671.25 | C10: =167924*1.17 -> 196471.08 | D10: 10667 | E10: =18226938/104.44 -> 174520.66 | F10: =1.17*105802 -> 123788.34 | G10: 98132
A11: Long term debt | B11: =69700*1.17 -> 81549 | C11: =104324*1.17 -> 122059.08 | D11: 11634 | E11: =10550945/104.44 -> 101023.99 | F11: =1.17*99179 -> 116039.43 | G11: 101361
A12: Total Liabilities | B12: =168710*1.17 -> 197390.7 | C12: =366290*1.17 -> 428559.3 | D12: 26842 | E12: =32090724/104.44 -> 307264.69 | F12: =1.17*241094 -> 282079.98 | G12: 225352
A13: Total Equity | B13: =59324*1.17 -> 69409.08 | C13: =121781*1.17 -> 142483.77 | D13: 7467 | E13: =20618888/104.44 -> 197423.29 | F13: =1.17*61344 -> 71772.48 | G13: 33185
A14: Income Statement
A15: Revenue | B15: =104210*1.17 -> 121925.7 | C15: =252632*1.17 -> 295579.44 | D15: 24576 | E15: =30225681/104.44 -> 289407.13 | F15: =1.17*172745 -> 202111.65 | G15: 155900
A16: Operating income (EBIT) | B16: =7411*1.17 -> 8670.87 | C16: =16960*1.17 -> 19843.2 | D16: -69 | E16: =2467545/104.44 -> 23626.436 | F16: =1.17*4096 -> 4792.32 | G16: 519
A17: Interest expense | B17: =33*1.17 -> 38.61 | C17: =2208*1.17 -> 2583.36 | E17: 0 | F17: 0 | G17: 44
A18: Net income | B18: =4978*1.17 -> 5824.26 | C18: =14030*1.17 -> 16415.1 | D18: -862 | E18: =1882873/104.44 -> 18028.275 | F18: =1.17*2377 -> 2781.09 | G18: 47
A19: Shares outstanding | B19: 658.86 | C19: =501.3*1.17 -> 586.521 | D19: 885 | E19: =397050/104.44 -> 3801.7043 | F19: =1.17*1069.84 -> 1251.7128 | G19: 4082
A20: Earnings per share (EPS) | B20: =B18/B19 -> 8.8399053 | C20: =C18/C19 -> 27.987233 | D20: =D18/D19 -> -0.9740113 | E20: =E18/E19 -> 4.7421559 | F20: =F18/F19 -> 2.2218276 | G20: =G18/G19 -> 0.011513964
A21: Statement of Cash Flows
A22: Depreciation | B22: =6017*1.17 -> 7039.89 | C22: =20474*1.17 -> 23954.58 | D22: 2342 | E22: =1792375/104.44 -> 17161.768 | F22: =1.17*7751 -> 9068.67 | G22: 9689
A23: Dividends paid | B23: =2366*1.17 -> 2768.22 | C23: =2899*1.17 -> 3391.83 | D23: 0 | E23: =644806/104.44 -> 6173.9372 | F23: =1.17*3477 -> 4068.09 | G23: 2389
A24: Market Information
A25: Stock Price | B25: 62.185 | C25: 137.64 | D25: 429.01 | E25: =6932/104.44 -> 66.373037 | F25: 46.37 | G25: 6.62
A26: Dividend per share | B26: =B23/B19 -> 4.2015299 | C26: =C23/C19 -> 5.7829643 | D26: =D23/D19 -> 0 | E26: =E23/E19 -> 1.6239919 | F26: =F23/F19 -> 3.2500187 | G26: =G23/G19 -> 0.58525233

Sheet Financial Ratios
A1: ='Financial Data'!A1 -> Competition Analysis
A2: ='Financial Data'!A2 -> Company Name | B2: ='Financial Data'!B2 -> Target Company | C2: ='Financial Data'!C2 -> Competitor 1 | D2: ='Financial Data'!D2 -> Competitor 2 | E2: ='Financial Data'!E2 -> Competitor 3 | F2: ='Financial Data'!F2 -> Competitor 4 | G2: ='Financial Data'!G2 -> Competitor 5 | H2: Competitor Median
A3: ='Financial Data'!A3 -> Ticker | B3: ='Financial Data'!B3 -> BMW | C3: ='Financial Data'!C3 -> Volkswagen | D3: ='Financial Data'!D3 -> Tesla | E3: ='Financial Data'!E3 -> Toyota | F3: ='Financial Data'!F3 -> Daimler | G3: ='Financial Data'!G3 -> Ford
A4: Liquidity
A5: Current Ratio | B5: ='Financial Data'!B5/'Financial Data'!B10 -> 1.0968835 | C5: ='Financial Data'!C5/'Financial Data'!C10 -> 1.1163562 | D5: ='Financial Data'!D5/'Financial Data'!D10 -> 1.1346208 | E5: ='Financial Data'!E5/'Financial Data'!E10 -> 1.0357876 | F5: ='Financial Data'!F5/'Financial Data'!F10 -> 1.2079167 | G5: ='Financial Data'!G5/'Financial Data'!G10 -> 1.1621795 | H5: =MEDIAN(C5:G5) -> 1.1346208
A6: Quick Ratio | B6: =('Financial Data'!B5-'Financial Data'!B7)/'Financial Data'!B10 -> 0.90455673 | C6: =('Financial Data'!C5-'Financial Data'!C7)/'Financial Data'!C10 -> 0.8380041 | D6: =('Financial Data'!D5-'Financial Data'!D7)/'Financial Data'!D10 -> 0.8016312 | E6: =('Financial Data'!E5-'Financial Data'!E7)/'Financial Data'!E10 -> 0.89004752 | F6: =('Financial Data'!F5-'Financial Data'!F7)/'Financial Data'!F10 -> 0.9266649 | G6: =('Financial Data'!G5-'Financial Data'!G7)/'Financial Data'!G10 -> 1.0522663 | H6: =MEDIAN(C6:G6) -> 0.89004752
A7: Asset Management
A8: Inventory Turnover | B8: =IF('Financial Data'!B7<=0,"N/A",'Financial Data'!B15/'Financial Data'!B7) -> 6.5578 | C8: =IF('Financial Data'!C7<=0,"N/A",'Financial Data'!C15/'Financial Data'!C7) -> 5.4048179 | D8: =IF('Financial Data'!D7<=0,"N/A",'Financial Data'!D15/'Financial Data'!D7) -> 6.9189189 | E8: =IF('Financial Data'!E7<=0,"N/A",'Financial Data'!E15/'Financial Data'!E7) -> 11.378454 | F8: =IF('Financial Data'!F7<=0,"N/A",'Financial Data'!F15/'Financial Data'!F7) -> 5.8051887 | G8: =IF('Financial Data'!G7<=0,"N/A",'Financial Data'!G15/'Financial Data'!G7) -> 14.453922 | H8: =MEDIAN(C8:G8) -> 6.9189189
A9: Days Sales Outstanding | B9: ='Financial Data'!B6/('Financial Data'!B15/365) -> 158.08377 | C9: ='Financial Data'!C6/('Financial Data'!C15/365) -> 122.83309 | D9: ='Financial Data'!D6/('Financial Data'!D15/365) -> 19.6639 | E9: ='Financial Data'!E6/('Financial Data'!E15/365) -> 115.79098 | F9: ='Financial Data'!F6/('Financial Data'!F15/365) -> 147.06915 | G9: ='Financial Data'!G6/('Financial Data'!G15/365) -> 125.73185 | H9: =MEDIAN(C9:G9) -> 122.83309
A10: Fixed Asset Turnover | B10: ='Financial Data'!B15/'Financial Data'!B8 -> 1.5824399 | C10: ='Financial Data'!C15/'Financial Data'!C8 -> 2.1950821 | D10: ='Financial Data'!D15/'Financial Data'!D8 -> 2.3639861 | E10: ='Financial Data'!E15/'Financial Data'!E8 -> 2.8286648 | F10: ='Financial Data'!F15/'Financial Data'!F8 -> 1.9491678 | G10: ='Financial Data'!G15/'Financial Data'!G8 -> 2.3229133 | H10: =MEDIAN(C10:G10) -> 2.3229133
A11: Total Asset Turnover | B11: ='Financial Data'!B15/'Financial Data'!B9 -> 0.45699326 | C11: ='Financial Data'!C15/'Financial Data'!C9 -> 0.51761322 | D11: ='Financial Data'!D15/'Financial Data'!D9 -> 0.7163135 | E11: ='Financial Data'!E15/'Financial Data'!E9 -> 0.58196874 | F11: ='Financial Data'!F15/'Financial Data'!F9 -> 0.57117492 | G11: ='Financial Data'!G15/'Financial Data'!G9 -> 0.60300847 | H11: =MEDIAN(C11:G11) -> 0.58196874
A12: Debt Management
A13: Liabilities-to-Assets Ratio | B13: ='Financial Data'!B12/'Financial Data'!B9 -> 0.73984581 | C13: ='Financial Data'!C12/'Financial Data'!C9 -> 0.75048507 | D13: ='Financial Data'!D12/'Financial Data'!D9 -> 0.78236031 | E13: ='Financial Data'!E12/'Financial Data'!E9 -> 0.6178785 | F13: ='Financial Data'!F12/'Financial Data'!F9 -> 0.79716835 | G13: ='Financial Data'!G12/'Financial Data'!G9 -> 0.87164313 | H13: =MEDIAN(C13:G13) -> 0.78236031
A14: Times Interest Earned | B14: =IF('Financial Data'!B17>0,'Financial Data'!B16/'Financial Data'!B17,"N/A") -> 224.57576 | C14: =IF('Financial Data'!C17>0,'Financial Data'!C16/'Financial Data'!C17,"N/A") -> 7.6811594 | D14: =IF('Financial Data'!D17>0,'Financial Data'!D16/'Financial Data'!D17,"N/A") -> N/A | E14: =IF('Financial Data'!E17>0,'Financial Data'!E16/'Financial Data'!E17,"N/A") -> N/A | F14: =IF('Financial Data'!F17>0,'Financial Data'!F16/'Financial Data'!F17,"N/A") -> N/A | G14: =IF('Financial Data'!G17>0,'Financial Data'!G16/'Financial Data'!G17,"N/A") -> 11.795455 | H14: =MEDIAN(C14:G14) -> 9.738307
A15: Profitability
A16: Operating Margin | B16: ='Financial Data'!B16/'Financial Data'!B15 -> 0.071116016 | C16: ='Financial Data'!C16/'Financial Data'!C15 -> 0.067133221 | D16: ='Financial Data'!D16/'Financial Data'!D15 -> -0.0028076172 | E16: ='Financial Data'!E16/'Financial Data'!E15 -> 0.081637367 | F16: ='Financial Data'!F16/'Financial Data'!F15 -> 0.023711251 | G16: ='Financial Data'!G16/'Financial Data'!G15 -> 0.0033290571 | H16: =MEDIAN(C16:G16) -> 0.023711251
A17: Net Profit Margin | B17: ='Financial Data'!B18/'Financial Data'!B15 -> 0.047768928 | C17: ='Financial Data'!C18/'Financial Data'!C15 -> 0.055535324 | D17: ='Financial Data'!D18/'Financial Data'!D15 -> -0.03507487 | E17: ='Financial Data'!E18/'Financial Data'!E15 -> 0.062293816 | F17: ='Financial Data'!F18/'Financial Data'!F15 -> 0.013760167 | G17: ='Financial Data'!G18/'Financial Data'!G15 -> 0.0003014753 | H17: =MEDIAN(C17:G17) -> 0.013760167
A18: Return on assets (ROA) | B18: ='Financial Data'!B18/'Financial Data'!B9 -> 0.021830078 | C18: ='Financial Data'!C18/'Financial Data'!C9 -> 0.028745818 | D18: ='Financial Data'!D18/'Financial Data'!D9 -> -0.025124603 | E18: ='Financial Data'!E18/'Financial Data'!E9 -> 0.036253054 | F18: ='Financial Data'!F18/'Financial Data'!F9 -> 0.0078594621 | G18: ='Financial Data'!G18/'Financial Data'!G9 -> 0.00018179216 | H18: =MEDIAN(C18:G18) -> 0.0078594621
A19: Return on equity (ROE) | B19: ='Financial Data'!B18/'Financial Data'!B13 -> 0.083912076 | C19: ='Financial Data'!C18/'Financial Data'!C13 -> 0.11520681 | D19: ='Financial Data'!D18/'Financial Data'!D13 -> -0.11544127 | E19: ='Financial Data'!E18/'Financial Data'!E13 -> 0.091317873 | F19: ='Financial Data'!F18/'Financial Data'!F13 -> 0.038748696 | G19: ='Financial Data'!G18/'Financial Data'!G13 -> 0.0014163025 | H19: =MEDIAN(C19:G19) -> 0.038748696
A20: Market Value
A21: P/E Ratio | B21: ='Financial Data'!B25/'Financial Data'!B20 -> 7.0345776 | C21: ='Financial Data'!C25/'Financial Data'!C20 -> 4.9179567 | D21: ='Financial Data'!D25/'Financial Data'!D20 -> -440.4569 | E21: ='Financial Data'!E25/'Financial Data'!E20 -> 13.996384 | F21: ='Financial Data'!F25/'Financial Data'!F20 -> 20.870206 | G21: ='Financial Data'!G25/'Financial Data'!G20 -> 574.95404 | H21: =MEDIAN(C21:G21) -> 13.996384
A22: M/B Ratio | B22: ='Financial Data'!B25/B24 -> 0.59028601 | C22: ='Financial Data'!C25/C24 -> 0.56658208 | D22: ='Financial Data'!D25/D24 -> 50.846906 | E22: ='Financial Data'!E25/E24 -> 1.2781201 | F22: ='Financial Data'!F25/F24 -> 0.80869328 | G22: ='Financial Data'!G25/G24 -> 0.81430887 | H22: =MEDIAN(C22:G22) -> 0.81430887
A23: Stock Price Per Share | B23: ='Financial Data'!B25 -> 62.185 | C23: ='Financial Data'!C25 -> 137.64 | D23: ='Financial Data'!D25 -> 429.01 | E23: ='Financial Data'!E25 -> 66.373037 | F23: ='Financial Data'!F25 -> 46.37 | G23: ='Financial Data'!G25 -> 6.62 | H23: =MEDIAN(C23:G23) -> 66.373037
A24: Book Value per Share | B24: ='Financial Data'!B13/'Financial Data'!B19 -> 105.34724 | C24: ='Financial Data'!C13/'Financial Data'!C19 -> 242.93038 | D24: ='Financial Data'!D13/'Financial Data'!D19 -> 8.4372881 | E24: ='Financial Data'!E13/'Financial Data'!E19 -> 51.930205 | F24: ='Financial Data'!F13/'Financial Data'!F19 -> 57.339415 | G24: ='Financial Data'!G13/'Financial Data'!G19 -> 8.1295933 | H24: =MEDIAN(C24:G24) -> 51.930205
A25: Earnings Per Share (EPS) | B25: ='Financial Data'!B20 -> 8.8399053 | C25: ='Financial Data'!C20 -> 27.987233 | D25: ='Financial Data'!D20 -> -0.9740113 | E25: ='Financial Data'!E20 -> 4.7421559 | F25: ='Financial Data'!F20 -> 2.2218276 | G25: ='Financial Data'!G20 -> 0.011513964 | H25: =MEDIAN(C25:G25) -> 2.2218276
A26: Dividend Per Share | B26: ='Financial Data'!B26 -> 4.2015299 | C26: ='Financial Data'!C26 -> 5.7829643 | D26: ='Financial Data'!D26 -> 0 | E26: ='Financial Data'!E26 -> 1.6239919 | F26: ='Financial Data'!F26 -> 3.2500187 | G26: ='Financial Data'!G26 -> 0.58525233 | H26: =MEDIAN(C26:G26) -> 1.6239919
A27: Operating Cash Flow per Share | B27: =('Financial Data'!B16+'Financial Data'!B22)/'Financial Data'!B19 -> 23.845369 | C27: =('Financial Data'!C16+'Financial Data'!C22)/'Financial Data'!C19 -> 74.673848 | D27: =('Financial Data'!D16+'Financial Data'!D22)/'Financial Data'!D19 -> 2.5683616 | E27: =('Financial Data'!E16+'Financial Data'!E22)/'Financial Data'!E19 -> 10.728926 | F27: =('Financial Data'!F16+'Financial Data'!F22)/'Financial Data'!F19 -> 11.073618 | G27: =('Financial Data'!G16+'Financial Data'!G22)/'Financial Data'!G19 -> 2.5007349 | H27: =MEDIAN(C27:G27) -> 10.728926
A28: Dividend Yield | B28: =IF('Financial Data'!B26>0,'Financial Data'!B26/'Financial Data'!B25,"N/A") -> 0.067565006 | C28: =IF('Financial Data'!C26>0,'Financial Data'!C26/'Financial Data'!C25,"N/A") -> 0.042015143 | D28: =IF('Financial Data'!D26>0,'Financial Data'!D26/'Financial Data'!D25,"N/A") -> N/A | E28: =IF('Financial Data'!E26>0,'Financial Data'!E26/'Financial Data'!E25,"N/A") -> 0.024467645 | F28: =IF('Financial Data'!F26>0,'Financial Data'!F26/'Financial Data'!F25,"N/A") -> 0.070088822 | G28: =IF('Financial Data'!G26>0,'Financial Data'!G26/'Financial Data'!G25,"N/A") -> 0.088406696 | H28: =MEDIAN(C28:G28) -> 0.056051983
